 Dungeon Crawl Stone Soup version 0.29.1-13-g9f3cf754e1 (webtiles) character file.

Game seed: 6555603822478918384

156 shadowmeld the Insei (level 5, -17/38 HPs)
             Began as a Djinni Transmuter on Jan 31, 2023.
             Killed from afar by a steam dragon (18 damage)
             ... with a ball of steam
             ... on level 3 of the Dungeon.
             The game lasted 00:14:38 (3420 turns).

shadowmeld the Insei (Djinni Transmuter)            Turns: 3420, Time: 00:14:39

Health: -17/38     AC:  2    Str:  9    XL:     5   Next: 65%
Gold:   120        EV: 20    Int: 17    God:
                   SH:  0    Dex: 18

rFire   . . .      SeeInvis .     - Unarmed
rCold   . . .      Faith    .   (shield currently unavailable)
rNeg    . . .      Spirit   .   (body armour currently unavailable)
rPois   ∞          Reflect  .   (helmet currently unavailable)
rElec   .          Harm     .   (cloak currently unavailable)
rCorr   .          Rampage  .   (gloves currently unavailable)
Will    .....                   (boots unavailable)
Stlth   ++........              (no amulet)
HPRegen 0.12/turn               (no ring)
MPRegen 0.00/turn               (no ring)

@: spider-form, flying, hasted, very quick
A: venomous fangs, flying, sickness immunity, tiny, (fire resistance 2), (cold
vulnerability 1), float, innate caster, HP casting, extra vitality 1, (horns 1)
a: End Transformation


You were on level 3 of the Dungeon.
You were a venomous arachnid creature.
You visited 1 branch of the dungeon, and saw 3 of its levels.

You collected 120 gold pieces.

Inventory:

Missiles
 l - 5 poisoned darts
Armour
 a - a +0 robe (melded)
 c - a +0 helmet
 f - a +0 cloak (melded)
 k - a +0 cloak
Jewellery
 r - a +4 ring of evasion
Wands
 q - a wand of mindburst (15)
Scrolls
 d - a scroll of vulnerability {unknown}
 g - a scroll of amnesia {unknown}
 j - 4 scrolls of identify {unknown}
 n - 2 scrolls of blinking {unknown}
 p - a scroll of enchant armour {unknown}
Potions
 b - 2 potions of lignification
 e - a potion of curing {unknown}
 h - 2 potions of haste
 i - a potion of attraction {unknown}
 m - a potion of mutation
 o - a potion of ambrosia {unknown}


   Skills:
 * Level 1.7 Fighting
 * Level 3.0 Dodging
 + Level 3.6 Unarmed Combat
 * Level 3.3 Spellcasting


You couldn't memorise any spells.
You knew the following spells:

 Your Spells              Type           Power      Damage    Failure   Level
a - Beastly Appendage     Tmut           28%        N/A       13%         1
b - Wereblood             Tmut           14%        N/A       19%         2
c - Spider Form           Tmut/Pois      14%        N/A       30%         3
d - Ice Form              Ice/Tmut       14%        N/A       63%         4
e - Sandblast             Erth           28%        2d8       13%         1
f - Static Discharge      Conj/Air       14%        3-5/arc   19%         2
Your spell library was empty.

Dungeon Overview and Level Annotations

Branches:
Dungeon (3/15)

Altars:

Shops:
D:1 (


Innate Abilities, Weirdness & Mutations

You are a venomous arachnid creature.
You have poisonous fangs.
You are tiny and dextrous.
You are flying.
Your spellcasting is less reliable in this form.
Your armour is entirely melded.
You are incapable of wielding weapons or throwing items.
You are immune to sickness and miasma.
You are immune to poison.
((Your flesh is very heat resistant. (rF++)))
((You are vulnerable to cold. (rC-)))
You float through the air rather than walking.
You learn spells naturally, not from books.
Your magical power is your life essence.
You have superior vitality. (+4 MHP)
((You have a pair of small horns on your head.))


Message History

Press: ? - help, Shift-Dir - straight line, f/p - goblin
Aim: a goblin, wielding a +0 dagger (77% to hit)
The blast of sand hits the goblin!
You kill the goblin!
You see here a +0 dagger.
A steam dragon comes into view.
Casting: Sandblast (safe; 4% risk of failure)
Confirm with . or Enter, or press ? or * to list all spells.
The spell is quite dangerous to miscast (13% risk of failure)!
Continue anyway?
You turn into a venomous arachnid creature.
Your +0 cloak melds into your body.
Your +0 robe melds into your body.
The steam dragon hisses angrily.
The steam dragon breathes steam at you. The ball of steam misses you.
Found a clear potion.
You are engulfed in a cloud of scalding steam.
The steam dragon bites you. The steam dragon claws you.
You hit the steam dragon but do no damage.
The steam dragon is poisoned.
You are engulfed in a cloud of scalding steam.
The steam dragon bites you.
* * * LOW HITPOINT WARNING * * *
The steam dragon completely misses you.
You hit the steam dragon.
The steam dragon looks as sick as possible!
The steam dragon is moderately wounded.
You are engulfed in a cloud of scalding steam.
* * * LOW HITPOINT WARNING * * *
The steam dragon closely misses you. x2
You hit the steam dragon.
The steam dragon is moderately wounded.
You are engulfed in a cloud of scalding steam.
* * * LOW HITPOINT WARNING * * *
It was a potion of haste.
You feel yourself speed up. The steam dragon completely misses you.
The steam dragon barely misses you.
It was a potion of mutation.
You feel extremely strange. A pair of horns grows on your head!
The steam dragon breathes steam at you. The ball of steam hits you!!
You die...

###### #.Ds.#
#!...##.#
############.#
.............#
.#######.....#
#.###.#
#.#...#
#.#.### ###
#..)..#


You could see a steam dragon (extremely poisoned, catching breath).

Vanquished Creatures
  Ijyb (D:3)
  5 adders
  A worm (D:2)
  4 dart slugs
  4 orcs (D:3)
  8 ball pythons
  9 endoplasms
  4 giant cockroaches
  9 goblins
  3 hobgoblins (D:1)
  4 quokkas
  2 bats
  7 frilled lizards
  4 kobolds
  7 rats
72 creatures vanquished.

Notes
Turn   | Place    | Note
-------+----------+-------------------------------------------
     0 | D:1      | shadowmeld the Djinni Transmuter began the quest for the
                  | Orb.
     0 | D:1      | shadowmeld set off with the following spells memorised:
                  | Beastly Appendage, Wereblood, Spider Form, Ice Form.
     0 | D:1      | Reached XP level 1. HP: 17/17 MP: 0/0
    89 | D:1      | Found a faded altar of an unknown god.
   109 | D:1      | Reached XP level 2. HP: 16/22 MP: 0/0
   853 | D:1      | Found Xese's Antique Weapon Emporium.
   865 | D:1      | Reached XP level 3. HP: 20/27 MP: 0/0
   865 | D:1      | Learned a level 1 spell: Sandblast
  1786 | D:2      | Reached XP level 4. HP: 31/32 MP: 0/0
  2709 | D:3      | Reached XP level 5. HP: 26/37 MP: 0/0
  2709 | D:3      | Learned a level 2 spell: Static Discharge
  2974 | D:3      | Noticed Ijyb
  2997 | D:3      | Killed Ijyb
  3413 | D:3      | Noticed a steam dragon
  3418 | D:3      | HP: 1/38 [steam dragon] (7)]
  3420 | D:3      | Gained mutation: You have a pair of small horns on your
                  | head. [potion of mutation]
  3420 | D:3      | Killed from afar by a steam dragon

Illustrated notes

Levels and vault maps discovered:
D:1:      nagdon_arrival_zigzag_paths, layout_basic,
          hellmonk_ecumenical_altar_heavens_door, serial_shops, shop,
          nicolae_kite_square_tiling_tiny
D:2:      layout_loops_cross
D:3:      layout_basic, minmay_goblin_outpost, uniq_ijyb

Skill      XL: |  1  2  3  4  5 |
---------------+----------------+-----
Spellcasting   | 2 3 |  3.3
Dodging        | 3 |  3.0
Fighting       | |  1.7
Unarmed Combat | |  3.6

Action                   |  1- 3 |  4- 6 || total
-------------------------+-------+-------++-------
Melee: Unarmed           |    49 |    24 ||    73
       Headbutt          |    10 |     4 ||    14
       Punch             |     2 |     1 ||     3
 Cast: Beastly Appendage |    16 |     5 ||    21
       Sandblast         |    21 |    49 ||    70
       Spider Form       |       |     1 ||     1
  Use: Potion            |       |     3 ||     3
Armor: Robe              |     8 |     4 ||    12
       Skin              |       |     4 ||     4
Dodge: Dodged            |    29 |    24 ||    53
